 Dungeon Crawl Stone Soup version 0.21.0-22-g11d5b5247c (webtiles) character file.

40066 McKennaii the Nimble (level 14, 0/108 HPs)
             Began as a Gnoll Arcane Marksman on Jan 18, 2018.
             Was a High Priest of Sif Muna.
             Slain by a yak (4 damage)
             ... on level 4 of the Lair of Beasts.
             The game lasted 00:47:09 (23783 turns).

McKennaii the Nimble (Gnoll Arcane Marksman)       Turns: 23783, Time: 00:47:10

Health: 0/108      AC: 16    Str: 14    XL:     14   Next: 9%
Magic:  27/27      EV:  2    Int: 17    God:    Sif Muna [*****.]
Gold:   1139       SH:  0    Dex: 20    Spells: 22/31 levels left

rFire    + . .     SeeInvis .   m - +8 long sword "Sothrurph" {holy, rN+}
rCold    . . .     Gourm    .   (no shield)
rNeg     + + +     Faith    .   w - +2 ring mail of Magic {rF+ rN+ Dex+2 Slay+3}
rPois    ∞         Spirit   .   K - +0 helmet
rElec    .         Reflect  +   X - +2 cloak
rCorr    .         Harm     .   (no gloves)
MR       ++...                  C - +1 pair of boots
Stlth    ++++......             y - +5 amulet of reflection
HPRegen  0.28/turn              P - ring of protection from magic
MPRegen  0.20/turn              L - +5 ring of slaying

@: petrified
A: distributed training, fangs 1, talons 1, mutation resistance 1, strong nose
a: Divine Energy, Channel Magic, Forget Spell, Renounce Religion


You were on level 4 of the Lair of Beasts.
You worshipped Sif Muna.
Sif Muna was extremely pleased with you.
You were not hungry.

You visited 3 branches of the dungeon, and saw 19 of its levels.
You also visited: Ossuary and Volcano.

You collected 1139 gold pieces.

Inventory:

Hand Weapons
 m - the +8 long sword "Sothrurph" (weapon) {holy, rN+}
   (You found it on level 10 of the Dungeon)

   It has been blessed by the Shining One to cause great damage to the undead
   and demons.
   It protects you from negative energy.
 S - a +1 longbow of flaming
Missiles
 d - 166 arrows
Armour
 w - the +2 ring mail of Magic (worn) {rF+ rN+ Dex+2 Slay+3}
   (You found it on level 4 of the Dungeon)

   It affects your dexterity (+2).
   It affects your accuracy and damage with ranged weapons and melee attacks
   (+3).
   It protects you from fire.
   It protects you from negative energy.
 C - a +1 pair of boots (worn)
 K - a +0 helmet (worn)
 X - a +2 cloak (worn)
Jewellery
 p - an uncursed ring of ice
 y - a +5 amulet of reflection (around neck)
 L - a +5 ring of slaying (right hand)
 O - an uncursed ring of resist corrosion
 P - a ring of protection from magic (left hand)
Wands
 t - a wand of enslavement (4)
 D - a wand of polymorph (8)
 F - a wand of paralysis (5)
 J - a wand of flame (53)
 M - a wand of scattershot (4)
 Q - a wand of random effects (36)
Scrolls
 a - a scroll of holy word {unknown}
 g - 11 scrolls of identify
 h - 2 scrolls of blinking
 i - 6 scrolls of remove curse
 l - 4 scrolls of magic mapping
 n - a scroll of teleportation
 q - 5 scrolls of enchant armour
 s - 7 scrolls of immolation {unknown}
 u - a scroll of fog {unknown}
 v - 4 scrolls of noise {unknown}
 x - 5 scrolls of amnesia {unknown}
 z - 2 scrolls of fear {unknown}
 E - a scroll of silence {unknown}
 H - 4 scrolls of random uselessness {unknown}
 I - 2 scrolls of enchant weapon {unknown}
 U - 2 scrolls of brand weapon {unknown}
Potions
 e - a potion of ambrosia {unknown}
 j - 6 potions of curing
 k - 3 potions of might {unknown}
 o - 4 potions of flight
 r - 3 potions of mutation
 A - 7 potions of agility
 B - 4 potions of brilliance
 N - 2 potions of haste
 R - 3 potions of invisibility
 T - 3 potions of resistance
 V - a potion of heal wounds
Books
 b - Ziuruz's Guide on Changing and Confrontation
   (Sif Muna gifted it to you in a volcano)

   Spells                             Type                      Level
   a - Mephitic Cloud                 Conjuration/Poison/Air       3
   b - Iskenderun's Mystic Blast      Conjuration                  4
   c - Fireball                       Conjuration/Fire             5
   d - Dragon Form                    Transmutation                7
 c - a book of Debilitation

   Spells                             Type                      Level
   a - Corona                         Hexes                        1
   b - Slow                           Hexes                        2
   c - Inner Flame                    Hexes/Fire                   3
   d - Portal Projectile              Hexes/Translocation          3
   e - Cause Fear                     Hexes                        4
   f - Leda's Liquefaction            Hexes/Earth                  4
 G - a book of Air

   Spells                             Type                      Level
   a - Shock                          Conjuration/Air              1
   b - Swiftness                      Charms/Air                   2
   c - Static Discharge               Conjuration/Air              3
   d - Airstrike                      Air                          4
   e - Lightning Bolt                 Conjuration/Air              5
Comestibles
 f - 14 rations


   Skills:
 + Level 9.1 Fighting
 + Level 8.7 Short Blades
 + Level 8.7 Long Blades
 + Level 8.7 Axes
 + Level 8.7 Maces & Flails
 + Level 8.7 Polearms
 + Level 8.7 Staves
 + Level 8.7 Slings
 + Level 9.9 Bows
 + Level 8.7 Crossbows
 + Level 8.7 Throwing
 + Level 8.7 Armour
 + Level 9.9 Dodging
 + Level 8.7 Stealth
 + Level 8.7 Shields
 + Level 8.7 Unarmed Combat
 + Level 9.2 Spellcasting
 + Level 7.3 Conjurations
 + Level 9.2 Hexes
 + Level 7.3 Charms
 + Level 7.3 Summonings
 + Level 7.3 Necromancy
 + Level 7.3 Translocations
 + Level 7.3 Transmutations
 + Level 7.3 Fire Magic
 + Level 7.3 Ice Magic
 + Level 7.3 Air Magic
 + Level 7.3 Earth Magic
 + Level 7.3 Poison Magic
 + Level 9.5 Invocations
 + Level 8.7 Evocations


You had 22 spell levels left.
You knew the following spells:

 Your Spells              Type           Power        Failure   Level  Hunger
a - Corona                Hex            #####..      1%          1    None
b - Slow                  Hex            #####...     1%          2    None
c - Portal Projectile     Hex/Tloc       #####.       1%          3    None
d - Inner Flame           Hex/Fire       #####...     1%          3    None


Dungeon Overview and Level Annotations

Branches:
Dungeon (14/15)            Temple (1/1) D:7            Lair (4/6) D:10
 Shoals (0/4) Lair:2       Spider (0/4) Lair:2          Orc (0/2) D:12
 Vaults: D:13-14

Altars:
Ashenzari
Cheibriados
Dithmenos
Elyvilon
Fedhas
Gozag
Hepliaklqana
Kikubaaqudgha
Makhleb
Nemelex Xobeh
Okawaru
Qazlal
Ru
Sif Muna
Trog
Uskayaw
Vehumet
Wu Jian
Xom
Yredelemnul
Zin
The Shining One

Annotations:
D:8 exclusions: obsidian statue and orange crystal statue
D:9 GordonOverkill's ghost, novice HOIE
D:13 Azrael


Innate Abilities, Weirdness & Mutations

Your experience applies equally to all skills.
You have very sharp teeth.
Your uncanny sense of smell can sniff out nearby items.
You have sharp toenails.
You are somewhat resistant to further mutation.


Message History

The yak gores you.
* * * LOW HITPOINT WARNING * * *
Your limbs are stiffening.
There is a stone staircase leading up, spattered with blood here.
The yak gores you!
* * * LOW HITPOINT WARNING * * *
The yak barely misses you.
You riposte.
You slash the yak! You punch the yak!
The yak is almost dead.
The basilisk gazes at you. You resist with almost no effort.
You have turned to stone.
The yak gores you!
* * * LOW HITPOINT WARNING * * *
The yak gores you but does no damage. The basilisk gazes at you.
You resist with almost no effort.
The yak gores you but does no damage. x2
The basilisk gazes at you. You resist with almost no effort. The yak gores you!
You die...

#..........# ......
#..........### ......
##..........P# ......
#...........###......
#............#.......
.....................
#P...................
#P..................
..........@YP......
.........Yl.......
........†...#....
..........##....
....(...... ...
............ ..
.............
..............
..............


You could see 2 yaks and a basilisk.

Vanquished Creatures
  Nessos (D:12)
  Harold (Lair:1)
  Fannar (D:12)
  3 hydras
  A catoblepas (D:13)
  8 two-headed ogres
  4 centaur warriors
  3 salamanders (Volcano)
  4 cyclopes
  3 centaur zombies
  Joseph (D:8)
  A black mamba (Lair:3)
  3 gargoyles
  A kobold demonologist (D:14)
  3 centaur skeletons
  A rime drake (D:12)
  3 komodo dragons
  4 spiny frogs
  6 polar bears
  3 trolls
  6 blink frogs
  Prince Ribbit (Lair:1)
  Sigmund (D:6)
  4 hippogriffs
  A spriggan (D:8)
  A vampire (D:12)
  9 yaks
  2 water elementals (D:13)
  A wraith (D:10)
  A shadow (D:14)
  3 hungry ghosts
  2 fire elementals (D:13)
  3 wyverns
  A fire bat (Volcano)
  5 vampire mosquitoes
  A basilisk (D:11)
  A steam dragon (D:6)
  A two-headed ogre zombie (D:12)
  3 wargs (D:10)
  An acid dragon (D:13)
  6 hell hounds
  8 water moccasins
  6 porcupines
  2 orc warriors
  4 ice beasts
  3 phantoms
  2 sky beasts (D:7)
  A centaur (D:10)
  8 wolves
  4 necrophages
  7 ogres
  5 crocodiles
  13 bullfrogs
  A big kobold (D:10)
  A wyvern zombie (D:13)
  An elf skeleton (D:10)
  A gnoll sergeant (D:11)
  A scorpion (D:7)
  2 troll zombies (D:12)
  A water moccasin skeleton (D:12)
  9 killer bees
  2 wights
  4 howler monkeys
  4 electric eels
  9 crimson imps
  4 bullfrog zombies
  10 hounds
  13 orc wizards
  A gnoll shaman (D:9)
  11 orc priests
  2 bullfrog skeletons
  A human skeleton (D:10)
  6 human zombies
  An iguana (D:6)
  4 jellies
  Natasha (D:2)
  12 worker ants
  A killer bee zombie (D:5)
  A big kobold zombie (Ossuary)
  7 ogre zombies
  3 hound zombies (D:5)
  A hound skeleton (D:5)
  4 mummies
  14 gnolls
  A howler monkey skeleton (D:6)
  14 adders
  A shadow imp (D:11)
  4 oozes
  An adder skeleton (D:9)
  2 worms
  3 dart slugs
  5 leopard geckos
  77 orcs
  4 bats
  5 giant cockroaches
  5 goblins
  10 hobgoblins
  7 kobolds
  A quokka (shapeshifter) (D:14)
  6 quokkas
  6 frilled lizards
  A goblin skeleton (D:12)
  3 goblin zombies
  A hobgoblin zombie (D:12)
  A leopard gecko zombie (D:5)
  6 orc skeletons
  19 orc zombies
  A quokka zombie (D:8)
  8 rats
  A rat zombie (D:8)
  A plant (Lair:1)
499 creatures vanquished.

Vanquished Creatures (others)
  A two-headed ogre (Volcano)
  2 centaurs
  A fungus (Lair:1)
  A plant (Lair:1)
5 creatures vanquished.

Grand Total: 504 creatures vanquished

Notes
Turn   | Place    | Note
-------+----------+-------------------------------------------
     0 | D:1      | McKennaii the Gnoll Arcane Marksman began the quest for the Orb.
     0 | D:1      | Reached XP level 1. HP: 17/17 MP: 4/4
   216 | D:1      | Reached XP level 2. HP: 23/23 MP: 5/5
   764 | D:2      | Reached XP level 3. HP: 28/28 MP: 7/7
   768 | D:2      | Learned a level 2 spell: Slow
   954 | D:2      | Reached skill level 1 in Invocations
  1100 | D:2      | Noticed Natasha
  1131 | D:1      | Reached skill level 1 in Short Blades
  1131 | D:1      | Reached skill level 1 in Long Blades
  1131 | D:1      | Reached skill level 1 in Axes
  1131 | D:1      | Reached skill level 1 in Maces & Flails
  1131 | D:1      | Reached skill level 1 in Polearms
  1131 | D:1      | Reached skill level 1 in Staves
  1131 | D:1      | Reached skill level 1 in Slings
  1131 | D:1      | Reached skill level 1 in Crossbows
  1131 | D:1      | Reached skill level 1 in Throwing
  1131 | D:1      | Reached skill level 1 in Armour
  1131 | D:1      | Reached skill level 1 in Stealth
  1131 | D:1      | Reached skill level 1 in Shields
  1131 | D:1      | Reached skill level 1 in Unarmed Combat
  1131 | D:1      | Reached skill level 1 in Evocations
  1402 | D:2      | Reached XP level 4. HP: 34/34 MP: 8/8
  1442 | D:2      | Found a sacrificial altar of Ru.
  1686 | D:2      | Killed Natasha
  1686 | D:2      | Reached skill level 1 in Conjurations
  1686 | D:2      | Reached skill level 1 in Charms
  1686 | D:2      | Reached skill level 1 in Summonings
  1686 | D:2      | Reached skill level 1 in Necromancy
  1686 | D:2      | Reached skill level 1 in Translocations
  1686 | D:2      | Reached skill level 1 in Transmutations
  1686 | D:2      | Reached skill level 1 in Fire Magic
  1686 | D:2      | Reached skill level 1 in Ice Magic
  1686 | D:2      | Reached skill level 1 in Air Magic
  1686 | D:2      | Reached skill level 1 in Earth Magic
  1686 | D:2      | Reached skill level 1 in Poison Magic
  1973 | D:3      | Reached XP level 5. HP: 40/40 MP: 9/9
  2954 | D:4      | HP: 1/41 [worker ant (8)]
  2959 | D:4      | Reached XP level 6. HP: 18/47 MP: 10/10
  2996 | D:4      | Learned a level 3 spell: Portal Projectile
  3000 | D:4      | Learned a level 3 spell: Inner Flame
  3543 | D:4      | Reached skill level 5 in Bows
  3543 | D:4      | Reached skill level 5 in Dodging
  3926 | D:4      | Got an ancient ring mail
  3937 | D:4      | Identified the +2 ring mail of Magic {rF+ rN+ Dex+2 Slay+3} (You found it on level 4 of the Dungeon)
  4032 | D:5      | Entered Level 5 of the Dungeon
  4321 | D:5      | Reached XP level 7. HP: 52/52 MP: 12/12
  5074 | D:5      | Reached XP level 8. HP: 60/60 MP: 12/14
  6211 | D:6      | Noticed Sigmund
  6219 | D:6      | Killed Sigmund
  6219 | D:6      | Reached XP level 9. HP: 58/66 MP: 6/16
  6583 | D:6      | Found a white marble altar of Elyvilon.
  6608 | D:6      | Found a stormy altar of Qazlal.
  6898 | D:7      | Reached skill level 5 in Spellcasting
  7017 | D:7      | Found a staircase to the Ecumenical Temple.
  7252 | Temple   | Entered the Ecumenical Temple
  7289 | Temple   | Became a worshipper of Sif Muna the Loreminder
  7428 | D:7      | Reached skill level 5 in Fighting
  7614 | D:7      | Found a shadowy altar of Dithmenos.
  8020 | D:7      | Found a bloodstained altar of Trog.
  8260 | D:8      | Noticed an obsidian statue
  8471 | D:8      | Got a garnet-encrusted plate armour
  8482 | D:8      | Identified the cursed +1 plate armour "Miboop" {SInv} (You found it on level 8 of the Dungeon)
  8612 | D:8      | Reached skill level 5 in Invocations
  8668 | D:8      | Noticed Joseph
  8679 | D:8      | Gained mutation: You have sharp toenails. [potion of mutation]
  8679 | D:8      | Gained mutation: You are somewhat resistant to further mutation. [potion of mutation]
  8687 | D:8      | Killed Joseph
  8687 | D:8      | Reached XP level 10. HP: 16/74 MP: 18/18
  8859 | D:8      | Found a sand-covered staircase.
  8866 | Ossuary  | Entered an ossuary
  9476 | D:8      | Noticed an orange crystal statue
  9657 | D:8      | Reached skill level 5 in Short Blades
  9657 | D:8      | Reached skill level 5 in Long Blades
  9657 | D:8      | Reached skill level 5 in Axes
  9657 | D:8      | Reached skill level 5 in Maces & Flails
  9657 | D:8      | Reached skill level 5 in Polearms
  9657 | D:8      | Reached skill level 5 in Staves
  9657 | D:8      | Reached skill level 5 in Slings
  9657 | D:8      | Reached skill level 5 in Crossbows
  9657 | D:8      | Reached skill level 5 in Throwing
  9657 | D:8      | Reached skill level 5 in Armour
  9657 | D:8      | Reached skill level 5 in Stealth
  9657 | D:8      | Reached skill level 5 in Shields
  9657 | D:8      | Reached skill level 5 in Unarmed Combat
  9657 | D:8      | Reached skill level 5 in Evocations
  9895 | D:9      | Noticed GordonOverkill's ghost (novice HOIE)
  9986 | D:9      | Reached * piety under Sif Muna
 11050 | D:10     | Entered Level 10 of the Dungeon
 11050 | D:10     | Noticed a two-headed ogre
 11089 | D:9      | Killed a two-headed ogre
 11257 | D:10     | Noticed a two-headed ogre
 11669 | D:10     | Killed a two-headed ogre
 11669 | D:10     | Reached XP level 11. HP: 40/81 MP: 18/20
 11911 | D:10     | Noticed a two-headed ogre
 11943 | D:10     | Killed a two-headed ogre
 11943 | D:10     | Reached ** piety under Sif Muna
 12306 | D:10     | Found a staircase to the Lair.
 12398 | D:10     | Noticed a two-headed ogre
 12554 | D:10     | Got a translucent long sword
 12555 | D:10     | Identified the +8 long sword "Sothrurph" {holy, rN+} (You found it on level 10 of the Dungeon)
 12663 | D:10     | Reached skill level 5 in Conjurations
 12663 | D:10     | Reached skill level 5 in Charms
 12663 | D:10     | Reached skill level 5 in Summonings
 12663 | D:10     | Reached skill level 5 in Necromancy
 12663 | D:10     | Reached skill level 5 in Translocations
 12663 | D:10     | Reached skill level 5 in Transmutations
 12663 | D:10     | Reached skill level 5 in Fire Magic
 12663 | D:10     | Reached skill level 5 in Ice Magic
 12663 | D:10     | Reached skill level 5 in Air Magic
 12663 | D:10     | Reached skill level 5 in Earth Magic
 12663 | D:10     | Reached skill level 5 in Poison Magic
 12718 | D:10     | Found an ancient bone altar of Kikubaaqudgha.
 13143 | D:10     | Killed a two-headed ogre
 13210 | D:11     | Noticed a cyclops
 13219 | D:11     | Killed a cyclops
 13491 | D:11     | Noticed a cyclops
 13508 | D:11     | Killed a cyclops
 13852 | D:11     | Noticed a two-headed ogre
 14850 | D:12     | Found a staircase to the Orcish Mines.
 14873 | D:12     | Noticed a two-headed ogre
 14889 | D:12     | Killed a two-headed ogre
 14895 | D:12     | Reached XP level 12. HP: 65/90 MP: 13/23
 15161 | D:12     | Noticed Nessos
 15305 | D:12     | Reached *** piety under Sif Muna
 16000 | D:12     | Noticed Fannar
 16008 | D:12     | Killed Fannar
 16153 | D:11     | Killed a two-headed ogre
 16451 | D:12     | Killed Nessos
 16671 | D:13     | Noticed a centaur warrior
 16673 | D:13     | Killed a centaur warrior
 16778 | D:13     | Noticed a catoblepas
 16787 | D:13     | Killed a catoblepas
 16902 | D:13     | HP: 1/92 [hippogriff (5)]
 17532 | D:13     | Noticed a centaur warrior
 17540 | D:13     | Killed a centaur warrior
 17540 | D:13     | Reached **** piety under Sif Muna
 17609 | D:13     | Noticed a centaur warrior
 17611 | D:13     | Noticed an eight-headed hydra
 17706 | D:13     | Killed a centaur warrior
 17706 | D:13     | Reached XP level 13. HP: 23/98 MP: 23/25
 18253 | D:13     | Noticed Azrael
 20027 | Lair:1   | Entered Level 1 of the Lair of Beasts
 20027 | Lair:1   | Noticed Prince Ribbit
 20030 | Lair:1   | Killed Prince Ribbit
 20553 | Lair:1   | Noticed Harold
 20574 | Lair:1   | Killed Harold
 21316 | Lair:2   | Found a staircase to the Shoals.
 21606 | Lair:2   | Found a dark tunnel.
 21613 | Volcano  | Entered a volcano
 21666 | Volcano  | Reached ***** piety under Sif Muna
 21666 | Volcano  | Identified Ziuruz's Guide on Changing and Confrontation (Sif Muna gifted it to you in a volcano)
 21666 | Volcano  | Received a gift from Sif Muna
 22012 | Lair:2   | Got a faintly glowing ring mail
 22013 | Lair:2   | Identified the +1 ring mail "Kedum" {Str+4} (You found it on level 2 of the Lair of Beasts)
 22341 | Lair:2   | Found a hole to the Spider Nest.
 22631 | Lair:3   | Reached XP level 14. HP: 64/108 MP: 27/27
 23781 | Lair:4   | HP: 3/108 [yak (4)]
 23783 | Lair:4   | Slain by a yak

Skill      XL: |  1  2  3  4  5  6  7  8  9 10 11 12 13 |
---------------+----------------------------------------+-----
Invocations    | 1 2 3 4 5 6 7 8 9 |  9.5
Short Blades   | 1 2 3 4 5 6 7 8 |  8.7
Long Blades    | 1 2 3 4 5 6 7 8 |  8.7
Axes           | 1 2 3 4 5 6 7 8 |  8.7
Maces & Flails | 1 2 3 4 5 6 7 8 |  8.7
Polearms       | 1 2 3 4 5 6 7 8 |  8.7
Staves         | 1 2 3 4 5 6 7 8 |  8.7
Slings         | 1 2 3 4 5 6 7 8 |  8.7
Crossbows      | 1 2 3 4 5 6 7 8 |  8.7
Throwing       | 1 2 3 4 5 6 7 8 |  8.7
Armour         | 1 2 3 4 5 6 7 8 |  8.7
Stealth        | 1 2 3 4 5 6 7 8 |  8.7
Shields        | 1 2 3 4 5 6 7 8 |  8.7
Unarmed Combat | 1 2 3 4 5 6 7 8 |  8.7
Evocations     | 1 2 3 4 5 6 7 8 |  8.7
Spellcasting   | 3 4 5 6 7 8 9 |  9.2
Conjurations   | 1 2 3 4 5 6 7 |  7.3
Charms         | 1 2 3 4 5 6 7 |  7.3
Summonings     | 1 2 3 4 5 6 7 |  7.3
Necromancy     | 1 2 3 4 5 6 7 |  7.3
Translocations | 1 2 3 4 5 6 7 |  7.3
Transmutations | 1 2 3 4 5 6 7 |  7.3
Fire Magic     | 1 2 3 4 5 6 7 |  7.3
Ice Magic      | 1 2 3 4 5 6 7 |  7.3
Air Magic      | 1 2 3 4 5 6 7 |  7.3
Earth Magic    | 1 2 3 4 5 6 7 |  7.3
Poison Magic   | 1 2 3 4 5 6 7 |  7.3
Fighting       | 3 4 5 6 7 8 9 |  9.1
Bows           | 5 6 7 8 9 |  9.9
Dodging        | 5 6 7 8 9 |  9.9
Hexes          | 6 7 8 9 |  9.2

Action                   |  1- 3 |  4- 6 |  7- 9 | 10-12 | 13-15 || total
-------------------------+-------+-------+-------+-------+-------++-------
Melee: Unarmed           |       |     1 |       |       |       ||     1
       Hunting sling     |       |       |       |     3 |       ||     3
       Long sword        |       |       |       |   168 |   160 ||   328
       Bite              |       |       |       |    29 |    34 ||    63
       Punch             |       |       |       |     7 |    13 ||    20
 Fire: Shortbow          |   100 |   236 |   448 |   380 |       ||  1164
       Hunting sling     |       |       |    82 |   241 |       ||   323
       Longbow           |       |       |       |   111 |   195 ||   306
 Cast: Slow              |     2 |       |     4 |    23 |    12 ||    41
       Portal Projectile |       |       |     2 |     9 |     4 ||    15
  Use: Scroll            |       |     3 |     3 |    11 |     3 ||    20
       Potion            |       |     3 |     2 |     8 |     3 ||    16
 Stab: Sleeping          |       |       |       |     3 |     6 ||     9
       Distracted        |       |       |       |     3 |       ||     3
  Eat: Chunk             |       |    10 |     9 |    20 |    13 ||    52
       Ration            |       |       |     1 |     3 |     2 ||     6
Armor: Robe              |    11 |     7 |       |       |       ||    18
       Skin              |       |     1 |       |       |       ||     1
       Ring mail         |       |     4 |    57 |   173 |    92 ||   326
Dodge: Dodged            |    37 |    60 |   125 |   413 |   242 ||   877
Block: Other             |       |       |    38 |   127 |    74 ||   239
       Reflection        |       |       |     1 |    12 |     2 ||    15
       Rpst.: Long sword |       |       |       |    35 |    40 ||    75
